Map: Lost and Found LE

Players

Namshar - Winner!

  • Race: Zerg Zerg
  • Spawn Location: 7:00

Harstem

  • Race: Protoss Protoss
  • Spawn Location: 1:00

Event: WCS Valencia 2018

VOD

Have the link to the VOD?

Description

Time

  • Played on: July 12, 2018, 12:55 p.m.
  • Length: 18:41

All games in this series

Show
View Real Time Build Order
Export as new Build Order

Namshar Zerg - Winner!

Build Orders: Hatch First, Brood Lord Corruptor, Lurkers 

Get SALT Encoding   

  12  0:01  Drone  
  13  0:12  Overlord  
  13  0:17  Drone  
  14  0:30  Drone x2  
  14  0:34  Drone  
  17  0:51  Hatchery  
  17  0:53  Drone  
  18  0:57  Drone  
  18  1:07  Extractor  
  17  1:11  Spawning Pool  
  17  1:14  Drone  
  17  1:18  Drone  
  18  1:27  Drone  
  19  1:38  Drone  
  20  1:49  Overlord  
  20  1:57  Queen  
  22  2:02  Queen  
  22  2:03  Zergling x4  
  22  2:07  Metabolic Boost  
  26  2:12  Drone  
  26  2:14  Drone  
  28  2:21  Drone  
  29  2:25  Drone  
  30  2:31  Hatchery  
  30  2:32  Drone  
  30  2:42  Overlord  
  30  2:45  Queen  
  30  2:47  Drone  
  30  2:48  Drone  
  34  2:53  Zergling x2  
  34  2:57  Zergling x2  
  36  3:03  Overlord  
  36  3:08  Overlord  
  36  3:09  Drone x3  
  39  3:16  Queen  
  38  3:29  Drone x2  
  38  3:30  Drone  
  38  3:32  Spore Crawler  
  40  3:34  Drone  
  40  3:35  Spore Crawler  
  40  3:40  Drone x2  
  42  3:44  Drone  
  42  3:46  Drone x2  
  46  3:48  Drone x2  
  46  3:49  Drone  
  46  3:52  Drone  
  46  3:53  Drone  
  50  4:01  Drone x2  
  51  4:07  Extractor  
  50  4:10  Roach Warren, Drone x3  
  50  4:13  Drone  
  50  4:16  Overlord  
  53  4:17  Drone x3  
  53  4:18  Drone  
  53  4:23  Overlord x2  
  55  4:36  Drone  
  56  4:40  Spore Crawler, Drone  
  56  4:41  Drone x3  
  56  4:45  Lair  
  59  4:50  Queen  
  61  4:53  Drone x9  
  61  4:58  Queen  
  72  5:01  Overlord  
  72  5:04  Zergling x6  
  72  5:06  Zergling x2  
  76  5:10  Zergling x2  
  76  5:11  Zergling x4  
  78  5:17  Extractor  
  78  5:19  Evolution Chamber  
  78  5:20  Overlord, Drone x2  
  78  5:21  Overlord  
  78  5:23  Zergling x6  
  81  5:30  Overlord x2  
  81  5:33  Queen  
  83  5:43  Overlord  
  83  5:44  Overlord x3  
  83  5:48  Zerg Missile Weapons Level 1, Drone  
  83  5:49  Hydralisk Den  
  82  5:50  Queen  
  82  5:54  Drone  
  82  5:55  Spore Crawler, Drone x2  
  86  5:57  Spore Crawler  
  84  6:04  Drone  
  84  6:05  Drone x7  
  84  6:08  Extractor  
  91  6:16  Drone  
  91  6:18  Drone x2  
  91  6:19  Drone  
  91  6:21  Extractor  
  93  6:25  Pneumatized Carapace  
  91  6:33  Extractor  
  91  6:36  Overlord  
  89  6:40  Hydralisk x8  
  89  6:43  Muscular Augments  
  89  6:45  Hatchery  
  103  6:50  Drone  
  104  6:57  Overlord, Hydralisk  
  104  6:58  Hydralisk x4  
  109  7:13  Drone  
  108  7:17  Drone x2  
  108  7:18  Drone x3  
  113  7:24  Drone  
  113  7:25  Infestation Pit, Drone  
  113  7:26  Lurker Den, Drone x2  
  115  7:36  Drone  
  116  7:42  Evolution Chamber  
  116  7:43  Drone  
  116  7:47  Drone x8  
  116  7:48  Drone x5  
  129  7:58  Extractor  
  129  7:59  Overlord x3  
  129  8:01  Queen  
  129  8:04  Extractor  
  129  8:07  Zerg Missile Weapons Level 2  
  129  8:08  Grooved Spines, Zerg Ground Armor Level 1  
  129  8:12  Hydralisk x6  
  140  8:21  Overlord  
  140  8:22  Overlord  
  140  8:23  Hive  
  140  8:24  Overseer  
  140  8:30  Spire, Spore Crawler  
  138  8:36  Hydralisk x4  
  138  8:39  Hatchery  
  138  8:41  Drone x3  
  146  8:47  Hydralisk  
  146  8:48  Hydralisk x3  
  155  8:59  Hydralisk  
  155  9:00  Hydralisk x5  
  167  9:07  Drone  
  167  9:08  Spine Crawler  
  167  9:09  Spine Crawler  
  166  9:11  Overlord x3  
  166  9:18  Hydralisk x2  
  166  9:19  Hydralisk  
  172  9:33  Hydralisk x2  
  172  9:34  Zergling x4  
  172  9:37  Adaptive Talons  
  177  9:41  Greater Spire  
  175  9:49  Extractor  
  175  9:51  Queen  
  175  9:52  Drone x2  
  178  9:53  Drone  
  173  10:07  Drone x6  
  173  10:10  Spine Crawler  
  173  10:11  Spine Crawler  
  169  10:26  Drone x5  
  166  10:29  Zerg Ground Armor Level 2, Zerg Missile Weapons Level 3  
  166  10:34  Corruptor x4  
  167  10:36  Corruptor x4  
  167  10:38  Corruptor  
  167  10:40  Drone x3  
  167  10:41  Drone  
  180  10:52  Hydralisk  
  180  10:53  Zergling x22  
  180  10:56  Spine Crawler x2  
  189  11:16  Spine Crawler  
  189  11:18  Brood Lord x4  
  190  11:24  Spine Crawler  
  190  11:25  Brood Lord x2  
  193  11:26  Brood Lord x3  
  193  11:27  Extractor  
  198  11:33  Overseer x2  
  198  11:41  Corruptor  
  198  11:44  Zerg Flyer Weapons Level 1  
  188  11:59  Hydralisk x6  
  190  12:18  Hydralisk  
  190  12:19  Hydralisk, Zergling x2  
  190  12:20  Zergling x14  
  164  12:33  Hydralisk x8  
  164  12:34  Zergling x20  
  190  12:45  Corruptor x3  
  190  12:49  Lurker x3  
  199  12:56  Lurker  
  200  13:05  Spine Crawler x2  
  198  13:09  Hydralisk  
  198  13:10  Zergling x16  
  196  13:18  Overseer x2  
  185  13:21  Corruptor x6  
  183  13:41  Zerg Flyer Weapons Level 2  
  183  13:42  Zerg Ground Armor Level 3  
  183  13:43  Zerg Melee Weapons Level 1  
  180  13:51  Overlord x2  
  180  13:56  Lurker x2  
  180  13:57  Lurker x3  
  180  13:58  Lurker x2  
  180  14:00  Lurker x2  
  189  14:03  Overlord x2  
  189  14:14  Overseer x2  
  189  14:17  Overseer  
  189  14:19  Hatchery  
  189  14:21  Hydralisk x2  
  189  14:22  Hydralisk x2, Zergling x2  
  197  14:38  Hydralisk x7  
  183  14:56  Corruptor  
  183  14:57  Corruptor x3  
  185  15:01  Overseer  
  185  15:02  Overseer  
  185  15:06  Hydralisk  
  183  15:07  Hydralisk x3  
  170  15:33  Hydralisk x5  
  170  15:34  Hydralisk x3  
  169  15:42  Hydralisk x3  
  161  15:43  Zergling x2  
  161  15:49  Hydralisk  
  154  15:50  Hydralisk, Zergling x2, Overseer  
  157  15:59  Overseer  
  147  16:07  Hydralisk x3  
  147  16:08  Hydralisk  
  152  16:17  Drone  
  153  16:23  Hydralisk x4  
  153  16:24  Hydralisk x2  
  163  16:32  Hydralisk x2  
  163  16:33  Hydralisk, Zergling x2  
  170  16:40  Hydralisk x5  
  170  16:46  Overseer  
  162  16:49  Overseer x4  
  162  16:51  Lurker x4  
  162  16:53  Lurker  
  164  16:59  Hatchery  
  163  17:04  Hydralisk x4  
  157  17:14  Hydralisk x4  
  165  17:17  Lurker  
  165  17:18  Lurker x4  
  165  17:19  Lurker  
  171  17:27  Overlord x2  
  171  17:28  Overlord  
  171  17:29  Overseer  
  171  17:30  Overseer  
  143  17:52  Corruptor x4  
  143  17:57  Overseer  
  143  17:58  Overseer x3  
  151  18:04  Corruptor  
  152  18:19  Overlord x3  
  150  18:20  Overlord  
Show
View Real Time Build Order
Export as new Build Order

Harstem Protoss 

Build Orders: 1 Gate Expand, Oracle Opening, Phoenix Opening, Archon Immortal, Mass Phoenix, Zealot Archon 

Get SALT Encoding   

  12  0:00  Probe  
  13  0:12  Probe  
  14  0:17  Pylon  
  14  0:24  Probe  
  15  0:32  Probe  
  15  0:40  Probe  
  15  0:41  Gateway  
  17  0:51  Assimilator, Probe  
  18  1:03  Probe  
  19  1:15  Probe  
  20  1:22  Nexus  
  20  1:32  Cybernetics Core  
  20  1:34  Probe  
  21  1:40  Assimilator  
  21  1:46  Probe  
  22  1:50  Pylon  
  22  1:59  Probe  
  22  2:01  Adept  
  23  2:11  Probe  
  26  2:15  Stargate  
  26  2:20  Adept  
  26  2:23  Probe  
  26  2:25  Warp Gate  
  29  2:34  Probe  
  29  2:35  Probe  
  31  2:46  Probe  
  31  2:47  Probe  
  31  2:51  Phoenix  
  35  2:58  Probe  
  36  2:59  Probe  
  36  3:05  Pylon  
  39  3:10  Probe  
  39  3:11  Probe  
  41  3:19  Adept  
  42  3:20  Oracle  
  42  3:21  Gateway  
  42  3:22  Probe  
  42  3:23  Probe  
  42  3:34  Probe  
  42  3:35  Assimilator, Probe  
  42  3:38  Assimilator  
  44  3:44  Zealot  
  44  3:46  Probe  
  47  3:49  Stargate, Probe  
  47  3:52  Pylon  
  48  3:59  Probe  
  48  4:01  Probe  
  50  4:05  Phoenix  
  50  4:08  Pylon  
  52  4:11  Probe  
  53  4:18  Probe, Pylon  
  53  4:23  Probe, Phoenix  
  55  4:24  Phoenix  
  57  4:37  Pylon  
  59  4:42  Probe  
  59  4:45  Phoenix x2  
  60  4:46  Zealot  
  66  4:57  Zealot  
  68  5:09  Phoenix  
  68  5:10  Probe, Phoenix  
  72  5:20  Nexus  
  72  5:23  Sentry  
  72  5:24  Pylon  
  72  5:25  Shield Battery  
  74  5:28  Pylon  
  74  5:31  Zealot  
  77  5:36  Forge  
  77  5:37  Twilight Council, Probe  
  77  5:38  Probe  
  78  5:47  Zealot  
  78  5:49  Probe  
  81  5:51  Zealot  
  81  5:52  Shield Battery  
  81  5:53  Probe  
  84  6:00  Protoss Ground Weapons Level 1  
  84  6:01  Probe  
  83  6:05  Probe  
  83  6:07  Charge  
  84  6:13  Probe  
  84  6:15  Probe  
  85  6:18  Templar Archives  
  85  6:20  Gateway, Zealot x2  
  85  6:21  Probe  
  90  6:27  Gateway  
  90  6:29  Probe x2  
  90  6:32  Probe  
  90  6:37  Probe  
  93  6:40  Gateway, Probe x2  
  93  6:45  Probe  
  96  6:49  Gateway  
  96  6:50  Probe  
  96  6:52  Probe  
  99  6:54  Gateway  
  99  6:57  High Templar  
  99  6:58  High Templar  
  99  6:59  Assimilator, Probe  
  104  7:02  Archon  
  104  7:06  Probe x2  
  104  7:08  Assimilator  
  104  7:11  Pylon  
  104  7:13  Probe  
  101  7:20  Probe  
  101  7:21  Probe  
  101  7:25  Probe  
  101  7:26  Psionic Storm  
  101  7:27  Gateway  
  102  7:31  Photon Cannon  
  102  7:32  Gateway, Zealot x2, High Templar x2  
  102  7:33  Probe  
  102  7:34  Gateway  
  102  7:35  Pylon  
  111  7:40  Archon  
  111  7:42  Pylon  
  111  7:45  High Templar x2  
  111  7:48  Robotics Facility  
  111  7:50  Pylon  
  111  7:51  Pylon  
  115  7:56  Pylon  
  115  8:05  High Templar x2  
  117  8:07  Protoss Ground Weapons Level 2  
  117  8:09  Robotics Facility, Nexus  
  119  8:14  Pylon  
  119  8:15  Probe  
  118  8:20  Zealot  
  118  8:22  Zealot x3  
  118  8:24  High Templar  
  118  8:26  Probe  
  129  8:29  Immortal  
  129  8:34  Shield Battery  
  129  8:36  Photon Cannon  
  133  8:44  Probe  
  133  8:47  Zealot x3  
  133  8:48  Zealot x2  
  142  8:58  Immortal  
  142  9:00  High Templar x2  
  150  9:03  Pylon  
  150  9:04  Zealot, Archon  
  150  9:07  Assimilator  
  150  9:08  Probe  
  153  9:11  Assimilator  
  153  9:12  Observer  
  154  9:17  Probe  
  154  9:20  Pylon  
  154  9:22  Photon Cannon  
  153  9:25  Pylon  
  153  9:26  Photon Cannon  
  153  9:29  Zealot, High Templar x2  
  153  9:30  Zealot x2  
  161  9:33  Archon  
  161  9:34  Immortal  
  161  9:36  Immortal  
  161  9:45  Zealot  
  161  9:49  Zealot x2  
  161  9:50  Zealot x2  
  167  10:09  Protoss Air Weapons Level 1  
  167  10:10  High Templar  
  167  10:11  Fleet Beacon  
  167  10:13  Photon Cannon, Zealot  
  167  10:14  Photon Cannon, Stargate  
  171  10:22  Probe  
  171  10:25  Protoss Ground Weapons Level 3  
  171  10:27  Photon Cannon  
  164  10:29  Shield Battery  
  164  10:31  Photon Cannon  
  164  10:32  Photon Cannon  
  164  10:35  Warp Prism  
  154  10:38  Zealot x5  
  154  10:39  Zealot  
  164  10:43  Tempest  
  164  10:44  Tempest  
  176  11:04  Tempest  
  176  11:05  Mothership  
  182  11:17  Observer  
  181  11:24  Photon Cannon  
  181  11:25  Photon Cannon  
  177  11:27  Pylon  
  175  11:33  High Templar x4  
  175  11:39  Archon  
  173  11:41  Zealot x3  
  173  11:42  Zealot x3  
  185  11:55  Tempest  
  177  12:02  Zealot  
  177  12:03  Zealot x5  
  172  12:19  Pylon  
  172  12:21  High Templar x4  
  164  12:26  Archon x2  
  164  12:27  Pylon  
  164  12:28  Photon Cannon, High Templar, Pylon  
  155  12:30  Tempest  
  155  12:34  High Templar  
  155  12:35  High Templar  
  157  12:39  Zealot  
  159  12:45  Probe x2  
  159  12:49  Photon Cannon, High Templar  
  159  12:50  Photon Cannon  
  163  12:52  Photon Cannon  
  163  12:55  Photon Cannon  
  163  13:02  Zealot x6  
  175  13:08  Tempest  
  179  13:26  Void Ray x2  
  184  13:29  High Templar x2  
  181  13:42  Nexus, High Templar, Pylon x2  
  181  13:45  Pylon  
  175  13:48  Photon Cannon  
  175  13:50  Assimilator, Void Ray  
  179  14:04  High Templar x2  
  179  14:07  Protoss Air Weapons Level 2  
  179  14:09  Zealot, Archon  
  185  14:10  Shield Battery  
  185  14:12  Shield Battery  
  185  14:13  Photon Cannon  
  185  14:14  Shield Battery  
  183  14:27  Zealot, Shield Battery  
  183  14:29  Zealot  
  183  14:36  Void Ray  
  150  14:47  Zealot x4  
  154  14:56  Oracle  
  141  15:03  Void Ray  
  145  15:08  Observer  
  125  15:41  Zealot x6  
  117  16:02  High Templar x5  
  117  16:03  High Templar  
  114  16:08  Warp Prism  
  114  16:09  Probe  
  99  16:34  Zealot x3  
  99  16:35  Zealot x3  
  110  16:55  High Templar x3  
  100  17:10  High Templar  
  91  17:29  Zealot x2  
  95  17:31  High Templar  
  79  18:33  Archon  
Tags
 
Add a new tag
Caveats
  • Supply blocks, unpowered buildings, or Contaminate may cause inaccurate times.
  • Supply counts are checked every 10 seconds.